 Dungeon Crawl Stone Soup version 0.18-a0-1347-gb9e2fb4 (webtiles) character file.

86 Oddball22 the Slasher (level 4, 0/45 HPs)
             Began as a High Elf Skald on Feb 17, 2016.
             Succumbed to Reinor's ghost's poison
             ... on level 3 of the Dungeon.
             The game lasted 00:04:49 (2674 turns).

Oddball22 the Slasher (High Elf Skald)              Turns: 2674, Time: 00:04:49

Health: 0/45       AC: 22    Str: 16    XL:     4   Next: 26%
Magic:  8/8        EV:  2    Int: 15    God:
Gold:   90         SH:  0    Dex: 21    Spells: 1 memorised, 6 levels left

rFire  . . .     SeeInvis .     a - +0 falchion
rCold  . . .     Gourm    .     (armour currently unavailable)
rNeg   + + +     Faith    .     (no shield)
rPois  +         Spirit   .     (helmet currently unavailable)
rElec  .         Dismiss  .     (cloak currently unavailable)
rCorr  .         Reflect  .     (gloves currently unavailable)
SustAt .         Harm     +     (boots currently unavailable)
MR     .....     NoTele   +     t - amulet of harm
Stlth  +++.......               (no ring)
                                (no ring)

@: mighty, agile, lethally poisoned (0 -> -28), tree-form, infused (expiring),
drained, not resistant to hostile enchantments, fairly stealthy
A: no striking features
a: no special abilities


You were on level 3 of the Dungeon.
You were not hungry.
You were a tree.
You visited 1 branch of the dungeon, and saw 3 of its levels.

You collected 90 gold pieces.

Inventory:

Hand Weapons
 a - a +0 falchion (weapon)
 q - a +1 dagger of speed
Missiles
 j - 27 bolts
Armour
 b - a +0 leather armour (melded)
 h - a +0 helmet (melded)
Jewellery
 t - an amulet of harm (around neck)
Scrolls
 l - a scroll of teleportation
 o - a scroll of enchant armour {unknown}
 r - a scroll of blinking {unknown}
 u - a scroll of identify {unknown}
Potions
 i - a potion of agility
 n - a potion of beneficial mutation {unknown}
 s - a potion of haste {unknown}
Books
 c - a book of Battle

   Spells                             Type                      Level
   a - Infusion                       Charms                       1
   b - Shroud of Golubria             Charms/Translocation         2
   c - Song of Slaying                Charms                       2
   d - Spectral Weapon                Hexes/Charms                 3
   e - Regeneration                   Charms/Necromancy            3
Comestibles
 d - a bread ration
 f - 2 meat rations
 k - a chunk of flesh
 p - 2 beef jerkies


   Skills:
 + Level 2.8(1.8) Fighting
 * Level 4.6(3.5) Long Blades
 - Level 0.8(0.0) Armour
 + Level 1.8(0.8) Dodging
 - Level 2.4(1.4) Spellcasting
 - Level 3.6(2.6) Charms


You had 6 spell levels left.
You knew the following spells:

 Your Spells              Type           Power        Failure   Level  Hunger
a - Infusion              Chrm           #...         12%         1    ##.....


Dungeon Overview and Level Annotations

Branches:
Dungeon (3/15)

Altars:
Gozag

Annotations:
D:3 Reinor's ghost, amateur SpAK


Message History

* * * LOW HITPOINT WARNING * * *
You feel very sick. Reinor's ghost completely misses you.
Drink which item? (? for menu, Esc to quit)
It was a potion of agility.
You feel agile all of a sudden.
* * * LOW HITPOINT WARNING * * *
You feel very sick. Reinor's ghost barely misses you.
Drink which item? (? for menu, Esc to quit)
You turn into a tree.
Your +0 helmet melds into your body.
Your +0 leather armour melds into your body.
Your roots penetrate the ground.
* * * LOW HITPOINT WARNING * * *
You feel sick.
Reinor's ghost hits you but does no damage.
Drink which item? (? for menu, Esc to quit)
It was a potion of might.
You feel very mighty all of a sudden.
Your magical infusion is running out.
You die...

#######################
).....##..............#
......##..............#
......##..............#
......'...............#
......##........♣.....#
......##........W.....#
.....###...?..........#
####.# #.........g....#
#.# #........(.....#
####.##############'###
............ ...
)###.####### #.## .#
#+# #..


You could see Reinor's ghost and a goblin.

Vanquished Creatures
  2 adders (D:2)
  An ooze (D:1)
  A worm (D:3)
  A giant gecko (D:1)
  5 orcs (D:3)
  2 bats
  3 giant cockroaches
  10 hobgoblins
  4 jackals (D:2)
  2 kobolds (D:2)
  A quokka (D:2)
  2 ball pythons (D:2)
  4 giant newts
  7 goblins
  4 rats
49 creatures vanquished.

Notes
Turn   | Place    | Note
--------------------------------------------------------------
     0 | D:1      | Oddball22 the High Elf Skald began the quest for the Orb.
     0 | D:1      | Reached XP level 1. HP: 14/14 MP: 4/4
   703 | D:1      | Reached XP level 2. HP: 19/19 MP: 6/6
  1352 | D:2      | Found an opulent altar of Gozag.
  1421 | D:2      | Reached XP level 3. HP: 17/25 MP: 7/7
  1780 | D:2      | Reached skill level 4 in Long Blades
  2219 | D:2      | Reached XP level 4. HP: 30/30 MP: 8/8
  2662 | D:3      | Noticed Reinor's ghost (amateur SpAK)
  2673 | D:3      | HP: 2/45 [poisoned by Reinor's ghost]
  2674 | D:3      | Succumbed to Reinor's ghost's poison

Vault maps used:
D:1:      dpeg_cavernosity, serial_glass, glass_columns_c, glass_columns_b
D:2:      lemuel_round_altar, kennysheep_potato
D:3:      kennysheep_generic_room_6

Action                   |  1- 3 |  4- 6 || total
-------------------------+-------+-------++-------
Melee: Falchion          |   128 |    46 ||   174
Throw: Javelin           |       |     3 ||     3
 Cast: Infusion          |     8 |     4 ||    12
  Use: Scroll            |     2 |       ||     2
       Potion            |       |     4 ||     4
 Stab: Sleeping          |     1 |       ||     1
  Eat: Chunk             |     4 |     2 ||     6
